AoeStats
← Chiripa605

Lombardia

509756363Analyzed
4v4 RM · 3d ago on Sep 27, 2026· 42m 41s· 8 players
Game mode
Random Map
Map size
Large (8 player)
Population
200
Speed
Normal
Resources
Standard
Victory
Conquest
Starting age
Dark Age
Ending age
Imperial Age
RankedLock teamsTeams togetherTeam positionsShared explorationLock speedFull tech treeHidden civsTurbo modeCheats
Victory
Defeat
🇨🇦 Persians · Canada
1510
+12
🇺🇸 Hindustanis · United States
1498
+13
🇲🇽 Khmer · Mexico
1479
+13
🇨🇴 Huns · Colombia
1367
+18
🇵🇪 Saracens · Peru
1560
-19
1386
-13
🇮🇳 Khmer · India
1386
-13
🇺🇸 Mongols · United States
1341
-11
thefacelessz12
3:35 Loom
11:49 Feudal Age
15:23 Castle Age
14:11 Double-Bit Axe
14:08 Horse Collar
25:36 Fervor
26:07 Wheelbarrow
31:52 Imperial Age
29:41 Hand Cart
29:35 Gold Mining
31:31 Gold Shaft Mining
31:07 Bow Saw
31:00 Heavy Plow
32:41 Double Crossbow
32:03 Capped Ram
33:34 Conscription
32:44 Heavy Scorpion
33:33 Siege Ram
34:37 Ballistics
33:54 Pikeman
34:40 Murder Holes
34:35 Halberdier
35:35 Town Watch
36:51 Scale Mail Armor
37:25 Town Patrol
37:50 Chain Mail Armor
37:46 Forging
38:19 Siege Engineers
38:25 Fortified Wall
38:26 Masonry
39:17 Chemistry
40:08 Caravan
40:38 Coinage
40:57 Crop Rotation
41:19 Iron Casting
42:44 Architecture
41:58 Elite Ballista Elephant
43:14 Hoardings
42:39 Tusk Swords
Persian Assassin
11:27 Feudal Age
15:01 Castle Age
13:24 Double-Bit Axe
21:09 Scale Barding Armor
21:15 Loom
25:03 Wheelbarrow
24:55 Bow Saw
26:20 Town Watch
27:16 Gold Mining
27:27 Stone Mining
29:08 Hand Cart
29:16 Hand Cart
33:27 Imperial Age
31:13 Bloodlines
31:03 Husbandry
31:51 Stone Shaft Mining
32:16 Forging
32:27 Chain Barding Armor
33:36 Iron Casting
32:58 Pikeman
33:38 Squires
33:07 Elite War Elephant
34:09 Conscription
34:02 Scale Mail Armor
34:38 Plate Barding Armor
34:03 Halberdier
35:07 Chain Mail Armor
36:20 Plate Mail Armor
36:51 Blast Furnace
36:30 Masonry
37:26 Capped Ram
38:55 Siege Ram
41:02 Devotion
42:42 Two-Man Saw
Chiripa605
7:18 Loom
9:35 Feudal Age
10:07 Double-Bit Axe
12:42 Horse Collar
14:56 Scale Barding Armor
20:56 Castle Age
20:06 Bloodlines
21:03 Forging
21:55 Bow Saw
23:02 Wheelbarrow
26:41 Hand Cart
26:24 Gold Mining
27:41 Chain Barding Armor
27:53 Stone Mining
28:25 Heavy Plow
29:32 Stone Shaft Mining
31:18 Iron Casting
30:45 Husbandry
32:46 Gold Shaft Mining
36:41 Imperial Age
36:54 Heavy Camel Rider
38:18 Plate Barding Armor
38:45 Blast Furnace
38:08 Grand Trunk Road
38:41 Imperial Camel Rider
41:14 Conscription
[Tunjos]Acordeon
7:05 Loom
9:22 Feudal Age
10:06 Double-Bit Axe
16:18 Horse Collar
22:09 Castle Age
21:16 Fletching
22:21 Gold Mining
22:47 Bloodlines
25:11 Bodkin Arrow
28:10 Padded Archer Armor
35:38 Elite Skirmisher
37:22 Wheelbarrow
40:22 Imperial Age
39:33 Gold Shaft Mining
38:25 Light Cavalry
39:06 Husbandry
39:16 Scale Barding Armor
39:22 Forging
39:37 Stone Mining
41:49 Leather Archer Armor
41:36 Bracer
41:57 Chain Barding Armor
42:13 Iron Casting
42:54 Ballistics
43:39 Chemistry
GENGIS KHAN'T
8:56 Loom
11:08 Feudal Age
12:18 Double-Bit Axe
16:51 Castle Age
15:58 Horse Collar
17:48 Bow Saw
18:06 Heavy Plow
22:05 Gold Mining
22:09 Stone Mining
26:42 Wheelbarrow
25:56 Town Watch
26:35 Fletching
26:48 Padded Archer Armor
28:28 Hand Cart
28:38 Bodkin Arrow
35:36 Imperial Age
34:34 Leather Archer Armor
34:42 Scale Barding Armor
34:48 Forging
35:40 Husbandry
35:51 Bloodlines
35:03 Light Cavalry
36:34 Bracer
37:38 Ballistics
38:19 Chemistry
37:45 Hussar
38:48 Chain Barding Armor
39:03 Iron Casting
43:06 Blast Furnace
NUR
10:09 Feudal Age
8:26 Loom
12:00 Bloodlines
12:03 Forging
12:01 Scale Barding Armor
12:40 Horse Collar
24:58 Castle Age
26:16 Wheelbarrow
25:29 Double-Bit Axe
25:46 Heavy Plow
26:40 Bow Saw
27:11 Light Cavalry
27:52 Husbandry
28:31 Iron Casting
28:02 Scale Barding Armor
28:34 Iron Casting
28:07 Scale Barding Armor
28:37 Iron Casting
28:13 Loom
28:14 Town Watch
30:51 Chain Barding Armor
33:43 Hand Cart
34:00 Scale Mail Armor
38:47 Imperial Age
36:52 Pikeman
37:55 Chain Mail Armor
38:09 Arson
39:01 Halberdier
40:46 Blast Furnace
40:22 Plate Barding Armor
39:38 Fletching
40:57 Hussar
Yisaac
8:53 Feudal Age
11:03 Loom
18:22 Castle Age
16:32 Fletching
17:03 Double-Bit Axe
18:25 Horse Collar
21:10 Bow Saw
26:01 Wheelbarrow
27:37 Town Watch
29:11 Scale Barding Armor
29:18 Forging
32:03 Imperial Age
29:57 Gold Mining
29:57 Stone Mining
31:34 Chain Barding Armor
32:17 Iron Casting
32:27 Bloodlines
32:17 Husbandry
34:12 Plate Barding Armor
34:58 Blast Furnace
35:42 Chemistry
34:53 Elite Mameluke
36:20 Conscription
36:59 Bodkin Arrow
38:18 Light Cavalry
TEUTONEN(儒门学习版)
10:59 Feudal Age
14:59 Castle Age
13:12 Double-Bit Axe
23:40 Pikeman
25:41 Loom
27:18 Horse Collar
28:14 Wheelbarrow
28:43 Heavy Plow
29:02 Bow Saw
30:04 Gold Mining
30:42 Scale Barding Armor
30:47 Forging
33:38 Imperial Age
32:21 Chain Barding Armor
32:15 Bloodlines
33:29 Iron Casting
33:47 Cavalier
35:04 Plate Barding Armor
34:52 Conscription
37:34 Halberdier
38:14 Squires
41:46 Scale Mail Armor
42:47 Blast Furnace
Connection lost

Rejoining the realm…

Still unreachable

The connection could not be restored.

Session expired

The server has moved on; the page needs a fresh start.